Unix NetHack Version 5.0.0-0 post-release - last build Jun 10 2026 00:39:30 (3ee93aec679c4c4259841fe613dc97188e26a321,branch:main).

Game began 2026-07-02 12:31:15, ended 2026-07-03 21:03:53.

Anarchos, lawful female dwarven Valkyrie

                          -----            -------
                          |...------     --|.....|
                          |........|     |.+.....|
                          |........|     |-|.....|--
                          -------.----   |.+.....+'|
                           |.........--  |-|.....|.|
                           |..........|  |.+.....|.|
                           |..........|  --|.....|h|
                          -----.--------   ------|.|
                          |)...........|         |M|
                          |[...........|         |.|
                          --------.----|         |i|
                           |.``........|         |.|
                           |[).........|         |:|
                          -------.------         |c|
                          |.......----------------@|
                          |>......^....[........d(H|
                          --------------------------
Anarchos the Woman-at-arms  St:25 Dx:17 Co:19 In:8 Wi:13 Ch:6  Lawful
Dlvl:4  $:115 HP:0(116) Pw:23(23) AC:-7 Xp:10 T:13880  Stone

Latest messages:
 Your fire giant steps reluctantly onto an orcish dagger.
 You are now more skilled in long sword.
 You kill the ape!
 You hit the cockatrice!
 The fire giant drops an elven leather helm.
 The fire giant drops an elven mithril-coat.
 The fire giant drops a leather armor.
 The fire giant drops an orcish dagger.
 The fire giant drops an elven arrow.
 The fire giant drops an aklys.
 Your fire giant steps reluctantly onto a saddle.
 The fire giant picks up a dented pot.
 You hit the cockatrice!
 The cockatrice bites!
 The cockatrice just misses!
 The fire giant removes an orcish helm and puts on a dented pot.
 You hit the cockatrice!
 The cockatrice bites!
 The cockatrice touches you!
 You hear the cockatrice's hissing!
 Your fire giant steps reluctantly onto an aklys.
 The fire giant picks up an aklys.
 You are slowing down.
 What do you want to use or apply? [f-hkprtwyABEGNOQVZ or ?*] ?
 Nothing happens.
 The cockatrice bites!
 The cockatrice touches you!
 The fire giant drops an aklys.
 The fire giant drops an orcish helm.
 Your fire giant steps reluctantly onto a saddle.
 The fire giant picks up a flail.
 Are you sure you want to pray? [yn] (n) y
 You begin praying to Tyr.
 Your limbs are stiffening.
 The cockatrice bites!
 The cockatrice touches you!
 You hear the cockatrice's hissing!
 Your fire giant steps reluctantly onto an orcish helm.
 The fire giant picks up an orcish helm.
 Your limbs have turned to stone.
 Your fire giant steps reluctantly onto a saddle.
 The fire giant picks up an elven arrow.
 You have turned to stone.
 The cockatrice bites!
 The cockatrice misses!
 Your fire giant steps reluctantly onto an aklys.
 The fire giant picks up an aklys.
 You are a statue.
 Do you want your possessions identified? [ynq] (y) y
 Do you want to see your attributes? [ynq] (y) q

Inventory:
 Coins    ('$')
  $ - 115 gold pieces
 Weapons  (')')
  b - a +0 long sword (weapon in right hand)
 Armor    ('[')
  U - an uncursed +0 dwarvish iron helm (being worn)
  s - a blessed +0 pair of gauntlets of power (being worn)
  W - an uncursed +0 pair of iron shoes (being worn)
  c - an uncursed +3 small shield (being worn)
  e - an uncursed +2 orcish cloak (being worn)
  d - an uncursed +0 dwarvish mithril-coat (being worn)
 Comestibles  ('%')
  K - 4 uncursed slime molds
  I - an uncursed banana
  x - an uncursed carrot
  X - 3 uncursed cram rations
  L - 8 uncursed food rations
  T - an uncursed fortune cookie
  z - an uncursed pancake
  C - 2 uncursed tripe rations
  D - an uncursed tin of stir fried giant ant meat
  F - an uncursed egg
 Scrolls  ('?')
  v - an uncursed scroll of create monster
  M - a blessed scroll of earth
  R - an uncursed scroll of earth
 Potions  ('!')
  H - an uncursed potion of paralysis
 Rings    ('=')
  S - a cursed -2 ring of adornment (on right hand)
  a - a cursed -1 ring of increase damage
  l - an uncursed ring of searching (on left hand)
  n - an uncursed ring of searching
  J - a cursed ring of teleportation
 Wands    ('/')
  g - a wand of digging (0:8)
  E - a wand of light (0:14)
  N - a wand of lightning (0:4)
  B - a wand of make invisible (0:7)
  h - a wand of opening (0:7)
  G - a wand of opening (0:7)
  Q - a wand of opening (0:5)
  f - a wand of polymorph (0:8)
  y - a wand of polymorph (0:4)
  t - a wand of slow monster (0:4)
  O - a wand of stasis (1:5)
  A - a cursed wand of striking (0:6)
 Tools    ('(')
  Z - an empty uncursed sack
  p - an uncursed magic whistle
  r - an uncursed oil lamp
  V - an uncursed oil lamp
  w - an uncursed tin whistle
  k - a +0 unicorn horn

Anarchos the Valkyrie's attributes:

Background:
 You were a Woman-at-arms, a level 10 dwarven Valkyrie.
 You were lawful, on a mission for Tyr
 who was opposed by Odin (neutral) and Loki (chaotic).
 You were right-handed.
 You were in Sokoban, on level 4.
 You entered the dungeon 13880 turns ago.
 You had 6122 experience points, 3878 more were needed to attain level 11.

Basics:
 You had 0 out of 116 hit points.
 You had all 23 energy points (spell power).
 Your armor class was -7.
 Your wallet contained 115 zorkmids.
 Autopickup was on for all types.

Final Characteristics:
 Your strength was 25 (base:17, innate limit:18/100).
 Your dexterity was 17 (limit:20).
 Your constitution was 19 (limit:20).
 Your intelligence was 8 (limit:16).
 Your wisdom was 13 (limit:16).
 Your charisma was 6 (base:8, limit:16).

Final Status:
 You turned into stone.
 You weren't hungry.
 You were unencumbered.
 You were wielding a long sword.
 You were skilled in long sword.

Final Attributes:
 You were piously aligned.
 You were cold resistant.
 You were poison resistant.
 You had automatic searching.
 You had infravision.
 You were less charismatic.
 You were stealthy.
 You were guarded.
 Your spell casting was impaired by metallic armor.
 You were unlucky.
 You are dead.

Miscellaneous:
 You encountered 1 bones level.
 Total elapsed playing time was 7 hours, 11 minutes and 44 seconds.

Major events:
 Turn
    1: Anarchos the lawful dwarven Valkyrie entered the dungeon
  736: attained the rank of Skirmisher (level 3)
 2356: entered the Gnomish Mines
 2967: reached Mine Town
 3306: attained the rank of Fighter (level 6)
 9433: acquired the Mines' End luckstone
11334: the Oracle has been killed
11871: entered Sokoban
12072: completed 1st Sokoban level
12324: completed 2nd Sokoban level
12527: completed 3rd Sokoban level
12711: attained the rank of Woman-at-arms (level 10)
13545: completed 4th Sokoban level
13880: petrified by a cockatrice

Spells:
 Name                 Level Category     Fail Retention
 knock                  1   matter       100%   26%-50%
 force bolt             1   attack       100%   26%-50%
 confuse monster        1   enchantment  100%  76%-100%

Skills:
 Fighting Skills
   bare handed combat [Unskilled]
   two weapon combat  [Unskilled]
   riding             [Unskilled]
 Weapon Skills
   dagger             [Basic]
   axe                [Unskilled]
   pick-axe           [Unskilled]
   short sword        [Unskilled]
   broadsword         [Unskilled]
   long sword         [Skilled]
   two-handed sword   [Unskilled]
   saber              [Unskilled]
   hammer             [Unskilled]
   quarterstaff       [Unskilled]
   polearms           [Unskilled]
   spear              [Expert]
   trident            [Unskilled]
   lance              [Unskilled]
   sling              [Unskilled]
 Spellcasting Skills
   attack spells      [Unskilled]
   escape spells      [Unskilled]

Voluntary challenges:
 Character rerolling was not enabled.
 You never genocided any monsters.
 You used no wishes.
 You violated the special Sokoban rules thrice.
Achievements:
 You entered a shop.
 You attained the rank of Skirmisher.
 You entered the Gnomish Mines.
 You entered Minetown.
 You entered a temple.
 You attained the rank of Fighter.
 You completed the Gnomish Mines.
 You entered Sokoban.
 You attained the rank of Woman-at-arms.

 The Dungeons of Doom: levels 1 to 8
    Level 1:
       A fountain.
    Level 2:
       A general store, a grave.
    Level 3:
       An armor shop.
    Level 4:
       A fountain.
       Stairs down to The Gnomish Mines.
    Level 5:
       A sink.
    Level 6:
       A fountain, a grave.
    Level 7:
       Many fountains.
       Oracle of Delphi.
    Level 8:
       A sink.
       Stairs up to Sokoban, level 7.
 The Gnomish Mines: levels 5 to 12
    Level 5:
       A grave.
       Final resting place for
          Wizzard5-Wiz-Elf-Fem-Cha, killed by a gnome.
    Level 6:
    Level 7:
       Many shops, a temple and an altar, many fountains.
    Level 8:
    Level 9:
    Level 10:
    Level 11:
    Level 12:
 Sokoban: levels 7 up to 4
    Level 4: <- You were here.
       Solved.
       Final resting place for
          you, petrified by a cockatrice.
    Level 5:
       Solved.
    Level 6:
       Solved.
    Level 7:
       Solved.


Vanquished creatures:
the Oracle
  a ghost
  3 giant mimics
  2 hezrous
  a large mimic
  2 earth elementals
  3 small mimics
  2 xans
 an ettin mummy
  2 trolls
  a sasquatch
  a wood golem
  2 gelatinous cubes
  a large dog
  a shocking sphere
  a tiger
  3 gargoyles
  a tengu
 an energy vortex
  a human mummy
  a python
  a wraith
 an ettin zombie
  2 leather golems
  a soldier
  a watchman
  2 chameleons
  2 crocodiles
  3 giant beetles
  2 quivering blobs
  2 cockatrices
  a wolf
  2 winter wolf cubs
  2 leprechauns
  a mumak
  a horse
  4 black lights
  a vampire bat
  a forest centaur
  a gnome ruler
  3 ogres
  a brown pudding
  a rust monster
  5 owlbears
  a gold golem
  a werewolf
  a Green-elf
  2 lizards
  a chickatrice
  2 dingoes
  a jaguar
  a gray unicorn
  2 black unicorns
  2 dust vortices
  a raven
  a plains centaur
  2 gnome mummies
  a snake
  7 apes
  a human zombie
  a rope golem
  2 Woodland-elves
  a soldier ant
  a fire ant
  a bugbear
  2 water nymphs
  7 Mordor orcs
 24 Uruk-hai
  2 rock piercers
  a rock mole
  a fog cloud
  a yellow light
  a shrieker
  a violet fungus
 10 gnome leaders
  5 gnomish wizards
  2 gray oozes
  a barrow wight
  3 elf zombies
  a ghoul
  2 straw golems
  3 paper golems
  a giant ant
  3 floating eyes
  a kitten
  8 dwarves
  3 homunculi
  2 kobold leaders
  2 kobold shamans
  7 rothes
  a rabid rat
  4 giant bats
  a monkey
  7 orc zombies
  4 dwarf zombies
  a werejackal
  7 iguanas
  3 acid blobs
  a coyote
  6 hobbits
  3 manes
  a large kobold
  2 hobgoblins
  8 giant rats
  3 cave spiders
  a green mold
  a red mold
 47 gnomes
  4 garter snakes
  4 gnome zombies
  7 geckos
  7 jackals
  a fox
  2 kobolds
  2 goblins
  5 sewer rats
 11 grid bugs
  3 bats
  2 lichens
  a kobold zombie
 10 newts
360 creatures vanquished.

No species were genocided or became extinct.

Game over:
                       ----------
                      /          \
                     /    REST    \
                    /      IN      \
                   /     PEACE      \
                  /                  \
                  |     Anarchos     |
                  |      115 Au      |
                  |  petrified by a  |
                  |    cockatrice    |
                  |                  |
                  |                  |
                  |       2026       |
                 *|     *  *  *      | *
        _________)/\\_//(\/(/\)/\//\/|_)_______

Farvel Anarchos the Valkyrie...

You turned to stone in Sokoban on dungeon level 4 with 26878 points,
and 115 pieces of gold, after 13880 moves.
You were level 10 with a maximum of 116 hit points when you turned to stone.

